San Jose Sharks vs Edmonton Oilers
Created - Monday, October 28, 2024 at 07:38
Goals
|
| San Jose Sharks |
0 |
2 |
0 |
2 |
| Edmonton Oilers |
2 |
1 |
1 |
4 |
|
Shots
|
| San Jose Sharks |
4 |
23 |
12 |
39 |
| Edmonton Oilers |
14 |
11 |
20 |
45 |
|
1st period
1. Edmonton Oilers , Brock Boeser 21 (Adrian Kempe 43, Brett Pesce 15) at 6:20
2. Edmonton Oilers , Jake DeBrusk 22 (Dawson Mercer 29, Jacob Trouba 18) at 18:20 (PP)
Penalties :
Sean Durzi (SJS) for Interference (Minor) at 6:42, Simon Nemec (SJS) for Hooking (Minor) at 10:07, Dmitry Orlov (SJS) for Cross-checking (Minor) at 17:48
2nd period
3. Edmonton Oilers , Ryan McLeod 7 (Tanner Jeannot 6, Morgan Barron 3) at 3:59
4. San Jose Sharks , Rickard Rakell 26 (Adam Henrique 35, Anthony Mantha 22) at 14:34
5. San Jose Sharks , Rickard Rakell 27 (Adam Henrique 36, Anthony Mantha 23) at 19:49
Penalties :
Tanner Jeannot (EDM) for Delaying the game (Minor) at 8:56
3rd period
6. Edmonton Oilers , David Perron 23 (Jacob Trouba 19, Brandon Carlo 16) at 7:03
Penalties :
Ivan Barbashev (SJS) for High sticking (Minor) at 0:41
Goalie Stats
Ilya Samsonov (SJS), 41 saves from 45 shots - (0.911), L, 5-5-1, 60:00 minutes
Juuse Saros (EDM), 37 saves from 39 shots - (0.949), W, 19-21-2, 60:00 minutes
Players Stats for San Jose Sharks
Player Name G A P +/- PIM S H SB GA TA FO MP PP MP PK MP
------------------------------------------------------------------------------------
Adam Henrique 0 2 2 1 0 1 0 0 1 0 8/15 19:09 0:55 3:05
Anthony Mantha 0 2 2 1 0 1 3 0 1 2 0/1 20:18 0:55 3:17
Brett Howden 0 0 0 -1 0 0 2 0 0 0 1/2 9:38 0:00 0:00
Christian Dvorak 0 0 0 -1 0 2 1 2 1 0 5/11 12:27 0:00 0:00
Christopher Tanev 0 0 0 -1 0 1 1 0 1 0 0/0 22:48 1:04 3:24
Dmitry Orlov 0 0 0 -1 2 2 0 2 0 1 0/0 20:33 0:55 3:05
Dylan Strome 0 0 0 0 0 5 1 0 3 0 11/23 17:30 1:04 3:05
Erik Cernak 0 0 0 -1 0 0 5 1 0 2 0/0 22:39 0:55 3:05
Ilya Mikheyev 0 0 0 -1 0 0 0 2 0 0 0/0 9:51 0:00 0:00
Ivan Barbashev 0 0 0 0 2 4 3 0 1 0 0/0 14:24 1:04 0:00
Joel Edmundson 0 0 0 1 0 0 2 2 0 0 0/0 16:41 0:00 0:00
Jonathan Drouin 0 0 0 -1 0 3 1 0 2 0 0/0 9:38 0:00 0:00
Joseph Veleno 0 0 0 0 0 4 1 1 0 0 0/0 14:20 1:04 0:00
Luke Kunin 0 0 0 -1 0 3 1 0 0 1 0/1 13:08 0:00 0:12
Mike Hoffman 0 0 0 -1 0 5 0 0 1 2 1/1 12:14 0:00 0:00
Rickard Rakell 2 0 2 1 0 5 5 0 0 1 1/3 19:51 0:55 3:19
Sean Durzi 0 0 0 1 2 2 3 1 1 0 0/0 21:05 1:04 2:42
Simon Nemec 0 0 0 -1 2 1 1 0 0 0 0/0 17:12 0:00 0:42
Players Stats for Edmonton Oilers
Player Name G A P +/- PIM S H SB GA TA FO MP PP MP PK MP
------------------------------------------------------------------------------------
Adrian Kempe 0 1 1 0 0 2 2 0 2 1 0/0 18:12 3:14 1:03
Alex Iafallo 0 0 0 0 0 6 1 1 0 0 0/0 12:33 0:04 0:00
Boone Jenner 0 0 0 0 0 2 3 0 0 0 8/17 17:09 3:14 0:00
Brandon Carlo 0 1 1 3 0 5 1 2 0 3 0/0 23:08 3:48 0:58
Brett Pesce 0 1 1 -2 0 1 0 3 0 2 0/0 17:44 2:41 0:00
Brock Boeser 1 0 1 1 0 5 1 0 1 0 0/0 18:02 3:14 0:56
Corey Perry 0 0 0 0 0 1 1 0 0 0 2/3 11:58 0:00 0:00
David Perron 1 0 1 1 0 5 4 0 0 0 1/1 18:15 0:04 0:56
Dawson Mercer 0 1 1 0 0 1 4 0 2 0 5/13 15:37 3:11 0:00
Evan Bouchard 0 0 0 0 0 2 0 2 3 2 0/0 21:53 2:41 1:01
Jacob Trouba 0 2 2 3 0 1 2 1 0 1 0/0 23:08 3:48 0:58
Jake DeBrusk 1 0 1 1 0 8 0 0 1 0 0/2 20:04 3:11 1:03
Jeff Carter 0 0 0 1 0 2 1 0 0 1 11/16 18:48 3:11 0:00
Morgan Barron 0 1 1 -1 0 0 1 0 0 0 0/1 10:09 0:04 0:00
Rasmus Ristolainen 0 0 0 -2 0 0 0 1 0 0 0/0 16:00 0:00 1:01
Ryan McLeod 1 0 1 0 0 2 0 0 0 0 2/3 7:56 0:00 0:00
Scott Mayfield 0 0 0 0 0 0 1 0 0 2 0/0 18:07 0:00 0:00
Tanner Jeannot 0 1 1 0 2 2 1 0 0 0 1/1 9:17 0:00 0:00
3 Stars
1 - Rickard Rakell (SJS)
2 - Jacob Trouba (EDM)
3 - Juuse Saros (EDM)
Power Play
San Jose Sharks - 0 on 0 Attempt(s) - 0.00%
Edmonton Oilers - 1 on 5 Attempt(s) - 20.00%
Penalty Kill
San Jose Sharks - 4 on 5 Attempt(s) - 80.00%
- Score 0 goal in Penalty Kill
Edmonton Oilers - 0 on 0 Attempt(s) - 0.00%
- Score 0 goal in Penalty Kill
Team Stat
San Jose Sharks - Hits : 30 - Faceoff Wins : 27 - Blocked Shots : 11 - Penalty Minutes : 8
Edmonton Oilers - Hits : 23 - Faceoff Wins : 30 - Blocked Shots : 10 - Penalty Minutes : 2
Official
Referees : Chris Rooney and Ian Walsh
Linesman : Unknown
Game Notes
0:37 of 2nd period - Edmonton Oilers goal is going for a video replay. After video review, No Goal. The attacking player has interfered with a goalkeeper in his goal crease.
17:05 of 2nd period - Penalty Shot by Brett Howden for San Jose Sharks - Stopped by Juuse Saros
Finance
Level 1 -- Attendance: 6000 (100.00%) -- Ticket Income $540,000
Level 2 -- Attendance: 4553 (91.06%) -- Ticket Income $227,650
Level 3 -- Attendance: 3000 (100.00%) -- Ticket Income $90,000
Level 4 -- Attendance: 4997 (99.94%) -- Ticket Income $99,940
Luxury Box -- Attendance: 883 (88.30%) -- Ticket Income $167,770
Game was played at the Rexall Place.
Total Attendance: 19433 (97.17%)
Total Ticket Income: $1,125,360
Other Income: $393,876
Total Income: $1,519,236
San Jose Sharks
5 vs 5 Forward
Center Left Wing Right Wing Time % Phy DF OF
1 Adam Henrique Rickard Rakell Anthony Mantha 30 1 2 2
2 Dylan Strome Joseph Veleno Ivan Barbashev 30 1 2 2
3 Christian Dvorak Mike Hoffman Luke Kunin 25 1 2 2
4 Brett Howden Jonathan Drouin Ilya Mikheyev 15 1 2 2
5 vs 5 Defense
Defense Defense Time % Phy DF OF
1 Christopher Tanev Erik Cernak 35 1 2 2
2 Sean Durzi Joel Edmundson 35 1 2 2
3 Dmitry Orlov Simon Nemec 30 1 2 2
4 Erik Cernak Christopher Tanev 0 1 2 2
PowerPlay Forward
Center Left Wing Right Wing Time % Phy DF OF
1 Adam Henrique Rickard Rakell Anthony Mantha 50 1 2 2
2 Dylan Strome Joseph Veleno Ivan Barbashev 50 1 2 2
PowerPlay Defense
Defense Defense Time % Phy DF OF
1 Christopher Tanev Sean Durzi 50 1 2 2
2 Dmitry Orlov Erik Cernak 50 1 2 2
Penalty Kill 4 Players Forward
Center Wing Time % Phy DF OF
1 Adam Henrique Dylan Strome 50 1 2 2
2 Rickard Rakell Anthony Mantha 50 1 2 2
Penalty Kill 4 Players Defense
Defense Defense Time % Phy DF OF
1 Erik Cernak Dmitry Orlov 50 1 2 2
2 Christopher Tanev Sean Durzi 50 1 2 2
Penalty Kill - 3 Players Forward
Forward Time % Phy DF OF
1 Adam Henrique 50 1 2 2
2 Dylan Strome 50 1 2 2
Penalty Kill - 3 Players Defense
Defense Defense Time % Phy DF OF
1 Christopher Tanev Erik Cernak 50 1 2 2
2 Simon Nemec Joel Edmundson 50 1 2 2
4 vs 4 Forward
Center Wing Time % Phy DF OF
1 Adam Henrique Dylan Strome 50 1 2 2
2 Rickard Rakell Anthony Mantha 50 1 2 2
4 vs 4 Defense
Defense Defense Time % Phy DF OF
1 Erik Cernak Simon Nemec 50 1 2 2
2 Sean Durzi Christopher Tanev 50 1 2 2
Last Minutes Offensive
Center Left Wing Right Wing Defense Defense
Adam Henrique Rickard Rakell Anthony Mantha Christopher Tanev Erik Cernak
Last Minutes Defensive
Center Left Wing Right Wing Defense Defense
Adam Henrique Rickard Rakell Anthony Mantha Christopher Tanev Erik Cernak
Goaltenders
Starting : Ilya Samsonov
Backup : Logan Thompson
Extra Forwards
Normal : Adam Henrique, Christian Dvorak, Luke Kunin - PP : Adam Henrique, Christian Dvorak - PK : Luke Kunin
Extra Defensemen
Normal : Dmitry Orlov, Simon Nemec, Sean Durzi - PP : Dmitry Orlov - PK : Simon Nemec, Sean Durzi
Penalty Shots
Adam Henrique, Dylan Strome, Rickard Rakell, Anthony Mantha, Ivan Barbashev
Scratches
Victor Olofsson (Healthy), Tobias Bjornfot (Healthy), Sam Lafferty (Healthy), Frederick Gaudreau (Healthy), Clay Stevenson (Healthy)
Edmonton Oilers
5 vs 5 Forward
Center Left Wing Right Wing Time % Phy DF OF
1 Boone Jenner Brock Boeser Adrian Kempe 30 1 2 2
2 Jeff Carter David Perron Jake DeBrusk 30 1 2 2
3 Dawson Mercer Corey Perry Alex Iafallo 25 1 2 2
4 Ryan McLeod Morgan Barron Tanner Jeannot 15 1 2 2
5 vs 5 Defense
Defense Defense Time % Phy DF OF
1 Brandon Carlo Jacob Trouba 35 1 2 2
2 Evan Bouchard Scott Mayfield 35 1 2 2
3 Brett Pesce Rasmus Ristolainen 30 1 2 2
4 Brandon Carlo Jacob Trouba 0 1 2 2
PowerPlay Forward
Center Left Wing Right Wing Time % Phy DF OF
1 Boone Jenner Brock Boeser Adrian Kempe 50 1 2 2
2 Jeff Carter Jake DeBrusk Dawson Mercer 50 1 2 2
PowerPlay Defense
Defense Defense Time % Phy DF OF
1 Brandon Carlo Jacob Trouba 50 1 2 2
2 Evan Bouchard Brett Pesce 50 1 2 2
Penalty Kill 4 Players Forward
Center Wing Time % Phy DF OF
1 David Perron Brock Boeser 50 1 2 2
2 Jake DeBrusk Adrian Kempe 50 1 2 2
Penalty Kill 4 Players Defense
Defense Defense Time % Phy DF OF
1 Brandon Carlo Jacob Trouba 50 1 2 2
2 Evan Bouchard Rasmus Ristolainen 50 1 2 2
Penalty Kill - 3 Players Forward
Forward Time % Phy DF OF
1 Adrian Kempe 50 1 2 2
2 Brock Boeser 50 1 2 2
Penalty Kill - 3 Players Defense
Defense Defense Time % Phy DF OF
1 Brandon Carlo Jacob Trouba 50 1 2 2
2 Evan Bouchard Rasmus Ristolainen 50 1 2 2
4 vs 4 Forward
Center Wing Time % Phy DF OF
1 Jake DeBrusk Brock Boeser 50 1 2 2
2 Dawson Mercer Adrian Kempe 50 1 2 2
4 vs 4 Defense
Defense Defense Time % Phy DF OF
1 Brandon Carlo Jacob Trouba 50 1 2 2
2 Evan Bouchard Brett Pesce 50 1 2 2
Last Minutes Offensive
Center Left Wing Right Wing Defense Defense
Boone Jenner Brock Boeser Adrian Kempe Brandon Carlo Jacob Trouba
Last Minutes Defensive
Center Left Wing Right Wing Defense Defense
Boone Jenner Brock Boeser Adrian Kempe Brandon Carlo Jacob Trouba
Goaltenders
Starting : Juuse Saros
Backup : Matt Murray
Extra Forwards
Normal : Morgan Barron, Jake DeBrusk, Dawson Mercer - PP : Morgan Barron, Jake DeBrusk - PK : Dawson Mercer
Extra Defensemen
Normal : Brett Pesce, Rasmus Ristolainen, Evan Bouchard - PP : Brett Pesce - PK : Rasmus Ristolainen, Evan Bouchard
Penalty Shots
Dawson Mercer, Brock Boeser, Adrian Kempe, Jake DeBrusk, David Perron
Scratches
David Reinbacher (Healthy), Mikael Backlund (Healthy), Julien Gauthier (Healthy), Dylan Holloway (Healthy)
% Time on Ice - San Jose Sharks
Lines # - Real PCT - Wanted PCT - Time Play
Normal Forward
1 - 30% - 30% - 15:22
2 - 28% - 30% - 14:18
3 - 24% - 25% - 12:14
4 - 19% - 15% - 9:38
Normal Defense
1 - 36% - 35% - 18:34
2 - 35% - 35% - 17:48
3 - 29% - 30% - 15:10
4 - 0% - 0% - 0:00
PP Forward
1 - 46% - 50% - 0:55
2 - 54% - 50% - 1:04
PP Defense
1 - 54% - 50% - 1:04
2 - 46% - 50% - 0:55
PK Forward
1 - 48% - 50% - 3:05
2 - 52% - 50% - 3:24
PK Defense
1 - 48% - 50% - 3:05
2 - 52% - 50% - 3:24
PK3 Forward
1 - 0% - 50%
2 - 0% - 50%
PK3 Defense
1 - 0% - 50%
2 - 0% - 50%
44 Forward
1 - 0% - 50%
2 - 0% - 50%
44 Defense
1 - 0% - 50%
2 - 0% - 50%
Last Minute Offensive - 0:00
Last Minute Defensive - 0:00
Total
Forward - 60:00
Defense - 60:00
|
% Time on Ice - Edmonton Oilers
Lines # - Real PCT - Wanted PCT - Time Play
Normal Forward
1 - 31% - 30% - 15:45
2 - 31% - 30% - 15:53
3 - 23% - 25% - 11:58
4 - 15% - 15% - 7:56
Normal Defense
1 - 35% - 35% - 18:04
2 - 35% - 35% - 18:11
3 - 29% - 30% - 14:59
4 - 1% - 0% - 0:18
PP Forward
1 - 50% - 50% - 3:14
2 - 50% - 50% - 3:15
PP Defense
1 - 59% - 50% - 3:48
2 - 41% - 50% - 2:41
PK Forward
1 - 47% - 50% - 0:56
2 - 53% - 50% - 1:03
PK Defense
1 - 49% - 50% - 0:58
2 - 51% - 50% - 1:01
PK3 Forward
1 - 0% - 50%
2 - 0% - 50%
PK3 Defense
1 - 0% - 50%
2 - 0% - 50%
44 Forward
1 - 0% - 50%
2 - 0% - 50%
44 Defense
1 - 0% - 50%
2 - 0% - 50%
Last Minute Offensive - 0:00
Last Minute Defensive - 0:00
Total
Forward - 60:00
Defense - 60:00
|
Play-by-Play
1st period
0:01 of 1st period - Adam Henrique wins face-off versus Boone Jenner in neutral zone.
0:26 of 1st period - Brandon Carlo is hit by Joseph Veleno.
0:50 of 1st period - Slapshot by Jeff Carter.
0:50 of 1st period - Stopped by Ilya Samsonov with a rebound.
1:02 of 1st period - Wrist shot by David Perron.
1:02 of 1st period - Shot Misses the Net.
1:22 of 1st period - Snap shot by Jake DeBrusk.
1:22 of 1st period - Stopped by Ilya Samsonov with a rebound.
1:24 of 1st period - Wrist shot by Jake DeBrusk.
1:24 of 1st period - Stopped by Ilya Samsonov without a rebound.
1:25 of 1st period - Dylan Strome wins face-off versus Dawson Mercer in San Jose Sharks zone.
1:25 of 1st period - Dylan Strome is hit by Dawson Mercer.
1:52 of 1st period - Dmitry Orlov is hit by Scott Mayfield and loses puck.
2:05 of 1st period - Snap shot by Adam Henrique.
2:05 of 1st period - Deflect By Brock Boeser.
2:05 of 1st period - Shot Misses the Net.
2:05 of 1st period - Puck is out of play.
2:06 of 1st period - Ryan McLeod wins face-off versus Christian Dvorak in Edmonton Oilers zone.
2:42 of 1st period - Sean Durzi is hit by Corey Perry and loses puck.
3:29 of 1st period - Brett Howden is hit by David Perron.
4:06 of 1st period - Scott Mayfield is hit by Rickard Rakell.
4:20 of 1st period - Slapshot by Corey Perry.
4:20 of 1st period - Stopped by Ilya Samsonov with a rebound.
4:22 of 1st period - Wrist shot by Brandon Carlo.
4:22 of 1st period - Stopped by Ilya Samsonov without a rebound.
4:23 of 1st period - Boone Jenner wins face-off versus Dylan Strome in San Jose Sharks zone.
4:38 of 1st period - Slapshot by Adrian Kempe.
4:38 of 1st period - Stopped by Ilya Samsonov with a rebound.
4:40 of 1st period - Slapshot by Boone Jenner.
4:40 of 1st period - Stopped by Ilya Samsonov without a rebound.
4:41 of 1st period - Ryan McLeod wins face-off versus Luke Kunin in San Jose Sharks zone.
4:57 of 1st period - Snap shot by Mike Hoffman.
4:57 of 1st period - Shot Misses the Net.
5:14 of 1st period - Scott Mayfield is hit by Erik Cernak and loses puck.
6:09 of 1st period - Mike Hoffman is hit by Boone Jenner and loses puck.
6:18 of 1st period - Slapshot by Brock Boeser.
6:18 of 1st period - Stopped by Ilya Samsonov with a rebound.
6:20 of 1st period - Snap shot by Brock Boeser.
6:20 of 1st period - Goal by Brock Boeser - San Jose Sharks : 0 - Edmonton Oilers : 1.
6:21 of 1st period - Adam Henrique wins face-off versus Jeff Carter in neutral zone.
6:36 of 1st period - Snap shot by David Perron.
6:36 of 1st period - Stopped by Ilya Samsonov with a rebound.
6:42 of 1st period - Minor Penalty to Sean Durzi for Interference.
6:43 of 1st period - Boone Jenner wins face-off versus Adam Henrique in San Jose Sharks zone.
8:03 of 1st period - Icing by Evan Bouchard.
8:04 of 1st period - Adam Henrique wins face-off versus Jeff Carter in Edmonton Oilers zone.
8:32 of 1st period - Slapshot by Brett Pesce.
8:32 of 1st period - Shot Blocked by Dmitry Orlov.
8:42 of 1st period - Penalty to Sean Durzi is over, Sean Durzi is back on ice.
9:08 of 1st period - Wrist shot by Anthony Mantha.
9:08 of 1st period - Shot Misses the Net.
9:20 of 1st period - Luke Kunin is hit by Alex Iafallo and loses puck.
9:59 of 1st period - Snap shot by Ryan McLeod.
9:59 of 1st period - Stopped by Ilya Samsonov with a rebound.
10:01 of 1st period - Slapshot by Evan Bouchard.
10:01 of 1st period - Shot Misses the Net.
10:07 of 1st period - Minor Penalty to Simon Nemec for Hooking.
10:08 of 1st period - Jeff Carter wins face-off versus Rickard Rakell in San Jose Sharks zone.
10:25 of 1st period - Wrist shot by Dylan Strome.
10:25 of 1st period - Shot Misses the Net.
12:07 of 1st period - Penalty to Simon Nemec is over, Simon Nemec is back on ice.
12:08 of 1st period - Christopher Tanev is hit by David Perron and loses puck.
13:35 of 1st period - Jonathan Drouin is hit by Jeff Carter and loses puck.
13:54 of 1st period - Slapshot by Tanner Jeannot.
13:54 of 1st period - Stopped by Ilya Samsonov with a rebound.
14:21 of 1st period - Alex Iafallo is hit by Rickard Rakell and loses puck.
14:34 of 1st period - Dmitry Orlov is hit by Boone Jenner and loses puck.
14:41 of 1st period - Adrian Kempe is hit by Brett Howden and loses puck.
15:12 of 1st period - Adam Henrique is hit by Brandon Carlo and loses puck.
15:40 of 1st period - Mike Hoffman is hit by Dawson Mercer and loses puck.
16:32 of 1st period - Rasmus Ristolainen is hit by Dylan Strome and loses puck.
16:43 of 1st period - Morgan Barron is hit by Erik Cernak and loses puck.
17:17 of 1st period - Jake DeBrusk is hit by Joel Edmundson and loses puck.
17:36 of 1st period - Wrist shot by Dawson Mercer.
17:36 of 1st period - Shot Misses the Net.
17:48 of 1st period - Minor Penalty to Dmitry Orlov for Cross-checking.
17:49 of 1st period - Rickard Rakell wins face-off versus Boone Jenner in San Jose Sharks zone.
18:18 of 1st period - Slapshot by Jake DeBrusk.
18:18 of 1st period - Stopped by Ilya Samsonov with a rebound.
18:20 of 1st period - Snap shot by Jake DeBrusk.
18:20 of 1st period - Goal by Jake DeBrusk - San Jose Sharks : 0 - Edmonton Oilers : 2.
18:21 of 1st period - Adam Henrique wins face-off versus Boone Jenner in neutral zone.
18:24 of 1st period - Slapshot by Rickard Rakell.
18:24 of 1st period - Stopped by Juuse Saros with a rebound.
18:26 of 1st period - Slapshot by Dmitry Orlov.
18:26 of 1st period - Shot Misses the Net.
18:28 of 1st period - Slapshot by Simon Nemec.
18:28 of 1st period - Deflect By Adrian Kempe.
18:28 of 1st period - Stopped by Juuse Saros without a rebound.
18:29 of 1st period - Boone Jenner wins face-off versus Anthony Mantha in Edmonton Oilers zone.
19:01 of 1st period - Wrist shot by Rickard Rakell.
19:01 of 1st period - Shot Misses the Net.
19:03 of 1st period - Wrist shot by Simon Nemec.
19:03 of 1st period - Deflect By Anthony Mantha.
19:03 of 1st period - Stopped by Juuse Saros without a rebound.
19:04 of 1st period - Christian Dvorak wins face-off versus Jeff Carter in Edmonton Oilers zone.
19:05 of 1st period - Wrist shot by Mike Hoffman.
19:05 of 1st period - Stopped by Juuse Saros with a rebound.
19:29 of 1st period - Rasmus Ristolainen is hit by Ivan Barbashev and loses puck.
Goals for this period are 0 for San Jose Sharks vs 2 for Edmonton Oilers.
Shots for this period are 4 for San Jose Sharks vs 14 for Edmonton Oilers.
2nd period
0:01 of 2nd period - Adam Henrique wins face-off versus Boone Jenner in neutral zone.
0:03 of 2nd period - Off-side.
0:04 of 2nd period - Adam Henrique wins face-off versus Boone Jenner in neutral zone.
0:15 of 2nd period - Snap shot by Adam Henrique.
0:15 of 2nd period - Stopped by Juuse Saros with a rebound.
0:17 of 2nd period - Snap shot by Rickard Rakell.
0:17 of 2nd period - Shot Blocked by Brandon Carlo.
0:19 of 2nd period - Slapshot by Dmitry Orlov.
0:19 of 2nd period - Stopped by Juuse Saros with a rebound.
0:31 of 2nd period - Wrist shot by Jake DeBrusk.
0:31 of 2nd period - Shot Blocked by Christian Dvorak.
0:33 of 2nd period - Snap shot by Brandon Carlo.
0:33 of 2nd period - Stopped by Ilya Samsonov with a rebound.
0:35 of 2nd period - Wrist shot by Jeff Carter.
0:35 of 2nd period - Stopped by Ilya Samsonov with a rebound.
0:37 of 2nd period - Slapshot by Jake DeBrusk.
0:37 of 2nd period - Edmonton Oilers goal is going for a video replay.
0:37 of 2nd period - The goal is refused. The attacking player has interfered with a goalkeeper in his goal crease..
0:38 of 2nd period - Dawson Mercer wins face-off versus Adam Henrique in San Jose Sharks zone.
0:49 of 2nd period - Wrist shot by Corey Perry.
0:49 of 2nd period - Shot Misses the Net.
0:51 of 2nd period - Slapshot by Alex Iafallo.
0:51 of 2nd period - Stopped by Ilya Samsonov without a rebound.
0:52 of 2nd period - Boone Jenner wins face-off versus Christian Dvorak in San Jose Sharks zone.
1:42 of 2nd period - Wrist shot by Dylan Strome.
1:42 of 2nd period - Stopped by Juuse Saros with a rebound.
1:44 of 2nd period - Slapshot by Ivan Barbashev.
1:44 of 2nd period - Stopped by Juuse Saros without a rebound.
1:45 of 2nd period - Tanner Jeannot wins face-off versus Dylan Strome in Edmonton Oilers zone.
1:45 of 2nd period - Tanner Jeannot is hit by Ivan Barbashev.
1:53 of 2nd period - Backhand shot by Brandon Carlo.
1:53 of 2nd period - Stopped by Ilya Samsonov with a rebound.
2:11 of 2nd period - Joseph Veleno is hit by Morgan Barron and loses puck.
2:17 of 2nd period - Icing by Simon Nemec.
2:18 of 2nd period - Boone Jenner wins face-off versus Dylan Strome in San Jose Sharks zone.
2:23 of 2nd period - Snap shot by Boone Jenner.
2:23 of 2nd period - Shot Misses the Net.
2:51 of 2nd period - Snap shot by Dylan Strome.
2:51 of 2nd period - Stopped by Juuse Saros with a rebound.
2:53 of 2nd period - Wrist shot by Dylan Strome.
2:53 of 2nd period - Shot Blocked by Brett Pesce.
2:55 of 2nd period - Slapshot by Erik Cernak.
2:55 of 2nd period - Shot Misses the Net.
2:57 of 2nd period - Wrist shot by Dylan Strome.
2:57 of 2nd period - Shot Misses the Net.
2:59 of 2nd period - Slapshot by Christopher Tanev.
2:59 of 2nd period - Stopped by Juuse Saros without a rebound.
3:00 of 2nd period - Jeff Carter wins face-off versus Adam Henrique in Edmonton Oilers zone.
3:00 of 2nd period - Jeff Carter is hit by Rickard Rakell.
3:10 of 2nd period - Snap shot by David Perron.
3:10 of 2nd period - Shot Misses the Net.
3:12 of 2nd period - Slapshot by Evan Bouchard.
3:12 of 2nd period - Stopped by Ilya Samsonov with a rebound.
3:14 of 2nd period - Wrist shot by Evan Bouchard.
3:14 of 2nd period - Shot Misses the Net.
3:16 of 2nd period - Slapshot by Jeff Carter.
3:16 of 2nd period - Shot Misses the Net.
3:26 of 2nd period - Alex Iafallo is hit by Luke Kunin and loses puck.
3:53 of 2nd period - Wrist shot by Ryan McLeod.
3:53 of 2nd period - Shot Blocked by Ilya Mikheyev.
3:59 of 2nd period - Snap shot by Ryan McLeod.
3:59 of 2nd period - Goal by Ryan McLeod - San Jose Sharks : 0 - Edmonton Oilers : 3.
4:00 of 2nd period - Adam Henrique wins face-off versus Jeff Carter in neutral zone.
4:08 of 2nd period - Off-side.
4:09 of 2nd period - Jeff Carter wins face-off versus Adam Henrique in neutral zone.
5:23 of 2nd period - Brandon Carlo is hit by Rickard Rakell and loses puck.
5:32 of 2nd period - Brandon Carlo is hit by Anthony Mantha.
6:21 of 2nd period - Jeff Carter is hit by Anthony Mantha and loses puck.
7:00 of 2nd period - Rickard Rakell is hit by David Perron.
7:10 of 2nd period - Wrist shot by David Perron.
7:10 of 2nd period - Stopped by Ilya Samsonov without a rebound.
7:11 of 2nd period - Christian Dvorak wins face-off versus Boone Jenner in San Jose Sharks zone.
7:20 of 2nd period - Snap shot by Christian Dvorak.
7:20 of 2nd period - Shot Blocked by Evan Bouchard.
7:26 of 2nd period - Wrist shot by Adrian Kempe.
7:26 of 2nd period - Deflect By Mike Hoffman.
7:26 of 2nd period - Shot Misses the Net.
7:26 of 2nd period - Puck is out of play.
7:27 of 2nd period - Dylan Strome wins face-off versus Dawson Mercer in San Jose Sharks zone.
7:40 of 2nd period - Slapshot by Dmitry Orlov.
7:40 of 2nd period - Shot Misses the Net.
7:42 of 2nd period - Snap shot by Joseph Veleno.
7:42 of 2nd period - Shot Misses the Net.
7:52 of 2nd period - Corey Perry is hit by Simon Nemec and loses puck.
7:57 of 2nd period - Wrist shot by Jonathan Drouin.
7:57 of 2nd period - Stopped by Juuse Saros without a rebound.
7:58 of 2nd period - Brett Howden wins face-off versus Boone Jenner in Edmonton Oilers zone.
7:59 of 2nd period - Wrist shot by Jonathan Drouin.
7:59 of 2nd period - Stopped by Juuse Saros without a rebound.
8:00 of 2nd period - Christian Dvorak wins face-off versus Boone Jenner in Edmonton Oilers zone.
8:37 of 2nd period - Wrist shot by Ivan Barbashev.
8:37 of 2nd period - Stopped by Juuse Saros with a rebound.
8:39 of 2nd period - Slapshot by Dmitry Orlov.
8:39 of 2nd period - Stopped by Juuse Saros without a rebound.
8:40 of 2nd period - Dylan Strome wins face-off versus Morgan Barron in Edmonton Oilers zone.
8:43 of 2nd period - Wrist shot by Ivan Barbashev.
8:43 of 2nd period - Shot Blocked by Rasmus Ristolainen.
8:45 of 2nd period - Wrist shot by Joseph Veleno.
8:45 of 2nd period - Stopped by Juuse Saros without a rebound.
8:46 of 2nd period - Dylan Strome wins face-off versus Ryan McLeod in Edmonton Oilers zone.
8:56 of 2nd period - Minor Penalty to Tanner Jeannot for Delaying the game.
8:57 of 2nd period - Dylan Strome wins face-off versus Jake DeBrusk in Edmonton Oilers zone.
8:59 of 2nd period - Wrist shot by Dylan Strome.
8:59 of 2nd period - Stopped by Juuse Saros with a rebound.
9:01 of 2nd period - Wrist shot by Joseph Veleno.
9:01 of 2nd period - Stopped by Juuse Saros without a rebound.
9:02 of 2nd period - Dylan Strome wins face-off versus Jake DeBrusk in Edmonton Oilers zone.
9:07 of 2nd period - Slapshot by Joseph Veleno.
9:07 of 2nd period - Stopped by Juuse Saros without a rebound.
9:08 of 2nd period - David Perron wins face-off versus Dylan Strome in Edmonton Oilers zone.
10:42 of 2nd period - Rasmus Ristolainen is hit by Anthony Mantha and loses puck.
10:56 of 2nd period - Penalty to Tanner Jeannot is over, Tanner Jeannot is back on ice.
11:37 of 2nd period - Wrist shot by Brock Boeser.
11:37 of 2nd period - Stopped by Ilya Samsonov with a rebound.
12:09 of 2nd period - Snap shot by Ilya Mikheyev.
12:09 of 2nd period - Shot Blocked by Brandon Carlo.
12:11 of 2nd period - Slapshot by Sean Durzi.
12:11 of 2nd period - Shot Blocked by Jacob Trouba.
12:13 of 2nd period - Snap shot by Sean Durzi.
12:13 of 2nd period - Stopped by Juuse Saros with a rebound.
12:15 of 2nd period - Snap shot by Ilya Mikheyev.
12:15 of 2nd period - Shot Misses the Net.
12:17 of 2nd period - Snap shot by Brett Howden.
12:17 of 2nd period - Deflect By Jonathan Drouin.
12:17 of 2nd period - Stopped by Juuse Saros without a rebound.
12:18 of 2nd period - Christian Dvorak wins face-off versus Dawson Mercer in Edmonton Oilers zone.
12:19 of 2nd period - Slapshot by Luke Kunin.
12:19 of 2nd period - Stopped by Juuse Saros with a rebound.
12:28 of 2nd period - Off-side.
12:29 of 2nd period - Mike Hoffman wins face-off versus Dawson Mercer in neutral zone.
12:34 of 2nd period - Snap shot by Mike Hoffman.
12:34 of 2nd period - Shot Misses the Net.
12:36 of 2nd period - Wrist shot by Mike Hoffman.
12:36 of 2nd period - Stopped by Juuse Saros without a rebound.
12:37 of 2nd period - Corey Perry wins face-off versus Christian Dvorak in Edmonton Oilers zone.
12:42 of 2nd period - Snap shot by Dawson Mercer.
12:42 of 2nd period - Shot Blocked by Christian Dvorak.
13:06 of 2nd period - Snap shot by Ivan Barbashev.
13:06 of 2nd period - Shot Blocked by Brett Pesce.
13:18 of 2nd period - Wrist shot by Adrian Kempe.
13:18 of 2nd period - Stopped by Ilya Samsonov without a rebound.
13:19 of 2nd period - Boone Jenner wins face-off versus Adam Henrique in San Jose Sharks zone.
14:34 of 2nd period - Snap shot by Rickard Rakell.
14:34 of 2nd period - Goal by Rickard Rakell - San Jose Sharks : 1 - Edmonton Oilers : 3.
14:35 of 2nd period - Christian Dvorak wins face-off versus Dawson Mercer in neutral zone.
14:38 of 2nd period - Snap shot by Luke Kunin.
14:38 of 2nd period - Stopped by Juuse Saros with a rebound.
14:48 of 2nd period - Slapshot by Evan Bouchard.
14:48 of 2nd period - Deflect By Corey Perry.
14:48 of 2nd period - Shot Blocked by Erik Cernak.
14:48 of 2nd period - Puck is out of play.
14:49 of 2nd period - Jeff Carter wins face-off versus Dylan Strome in San Jose Sharks zone.
15:40 of 2nd period - Wrist shot by Brock Boeser.
15:40 of 2nd period - Shot Misses the Net.
15:52 of 2nd period - Wrist shot by Tanner Jeannot.
15:52 of 2nd period - Stopped by Ilya Samsonov with a rebound.
15:54 of 2nd period - Wrist shot by Ryan McLeod.
15:54 of 2nd period - Shot Misses the Net.
16:10 of 2nd period - Slapshot by Jacob Trouba.
16:10 of 2nd period - Shot Blocked by Dmitry Orlov.
16:16 of 2nd period - Anthony Mantha is hit by Jacob Trouba and loses puck.
17:05 of 2nd period - Penalty Shot by Brett Howden for San Jose Sharks.
17:05 of 2nd period - Deke by Brett Howden.
17:05 of 2nd period - Stopped by Juuse Saros.
17:06 of 2nd period - Dylan Strome wins face-off versus Dawson Mercer in San Jose Sharks zone.
17:15 of 2nd period - Wrist shot by Ivan Barbashev.
17:15 of 2nd period - Stopped by Juuse Saros without a rebound.
17:16 of 2nd period - Dawson Mercer wins face-off versus Dylan Strome in Edmonton Oilers zone.
17:16 of 2nd period - Dawson Mercer is hit by Sean Durzi.
17:25 of 2nd period - Off-side.
17:26 of 2nd period - Dawson Mercer wins face-off versus Christian Dvorak in neutral zone.
17:29 of 2nd period - Slapshot by Christian Dvorak.
17:29 of 2nd period - Shot Blocked by Evan Bouchard.
18:25 of 2nd period - Brett Howden is hit by Adrian Kempe and loses puck.
18:38 of 2nd period - Snap shot by Mike Hoffman.
18:38 of 2nd period - Shot Misses the Net.
18:40 of 2nd period - Slapshot by Christian Dvorak.
18:40 of 2nd period - Stopped by Juuse Saros without a rebound.
18:41 of 2nd period - Jeff Carter wins face-off versus Christian Dvorak in Edmonton Oilers zone.
19:08 of 2nd period - Christopher Tanev is hit by Dawson Mercer and loses puck.
19:47 of 2nd period - Wrist shot by Adam Henrique.
19:47 of 2nd period - Shot Blocked by Brett Pesce.
19:49 of 2nd period - Backhand shot by Rickard Rakell.
19:49 of 2nd period - Goal by Rickard Rakell - San Jose Sharks : 2 - Edmonton Oilers : 3.
19:50 of 2nd period - Dylan Strome wins face-off versus Jeff Carter in neutral zone.
Goals for this period are 2 for San Jose Sharks vs 1 for Edmonton Oilers.
Shots for this period are 23 for San Jose Sharks vs 11 for Edmonton Oilers.
3rd period
0:01 of 3rd period - Jeff Carter wins face-off versus Dylan Strome in neutral zone.
0:06 of 3rd period - Jake DeBrusk is hit by Ivan Barbashev and loses puck.
0:25 of 3rd period - Dawson Mercer is hit by Christian Dvorak and loses puck.
0:34 of 3rd period - Snap shot by Mike Hoffman.
0:34 of 3rd period - Stopped by Juuse Saros with a rebound.
0:36 of 3rd period - Wrist shot by Mike Hoffman.
0:36 of 3rd period - Stopped by Juuse Saros without a rebound.
0:37 of 3rd period - Jeff Carter wins face-off versus Dylan Strome in Edmonton Oilers zone.
0:41 of 3rd period - Minor Penalty to Ivan Barbashev for High sticking.
0:42 of 3rd period - Jeff Carter wins face-off versus Adam Henrique in San Jose Sharks zone.
0:54 of 3rd period - Snap shot by Jake DeBrusk.
0:54 of 3rd period - Shot Misses the Net.
1:08 of 3rd period - Rickard Rakell is hit by Adrian Kempe and loses puck.
2:10 of 3rd period - Icing by Jake DeBrusk.
2:11 of 3rd period - Jeff Carter wins face-off versus Rickard Rakell in Edmonton Oilers zone.
2:41 of 3rd period - Penalty to Ivan Barbashev is over, Ivan Barbashev is back on ice.
3:11 of 3rd period - Ilya Mikheyev is hit by Dawson Mercer and loses puck.
5:06 of 3rd period - Sean Durzi is hit by Tanner Jeannot and loses puck.
5:19 of 3rd period - Jeff Carter is hit by Joel Edmundson and loses puck.
5:44 of 3rd period - Snap shot by David Perron.
5:44 of 3rd period - Stopped by Ilya Samsonov without a rebound.
5:45 of 3rd period - Boone Jenner wins face-off versus Brett Howden in San Jose Sharks zone.
6:11 of 3rd period - Slapshot by Evan Bouchard.
6:11 of 3rd period - Shot Misses the Net.
6:13 of 3rd period - Snap shot by Dawson Mercer.
6:13 of 3rd period - Shot Misses the Net.
7:03 of 3rd period - Slapshot by David Perron.
7:03 of 3rd period - Goal by David Perron - San Jose Sharks : 2 - Edmonton Oilers : 4.
7:04 of 3rd period - Boone Jenner wins face-off versus Dylan Strome in neutral zone.
7:14 of 3rd period - Snap shot by Dylan Strome.
7:14 of 3rd period - Stopped by Juuse Saros with a rebound.
7:21 of 3rd period - Off-side.
7:22 of 3rd period - Jeff Carter wins face-off versus Adam Henrique in neutral zone.
7:25 of 3rd period - Wrist shot by Jake DeBrusk.
7:25 of 3rd period - Stopped by Ilya Samsonov with a rebound.
7:47 of 3rd period - David Perron is hit by Erik Cernak.
7:55 of 3rd period - Luke Kunin is hit by David Perron and loses puck.
8:02 of 3rd period - Snap shot by Jake DeBrusk.
8:02 of 3rd period - Shot Misses the Net.
8:04 of 3rd period - Slapshot by Brett Pesce.
8:04 of 3rd period - Stopped by Ilya Samsonov with a rebound.
8:06 of 3rd period - Snap shot by Jake DeBrusk.
8:06 of 3rd period - Stopped by Ilya Samsonov with a rebound.
8:14 of 3rd period - Wrist shot by David Perron.
8:14 of 3rd period - Shot Misses the Net.
8:16 of 3rd period - Snap shot by Jeff Carter.
8:16 of 3rd period - Shot Misses the Net.
9:06 of 3rd period - Wrist shot by Jake DeBrusk.
9:06 of 3rd period - Deflect By David Perron.
9:06 of 3rd period - Shot Misses the Net.
9:06 of 3rd period - Puck is out of play.
9:07 of 3rd period - Dawson Mercer wins face-off versus Dylan Strome in San Jose Sharks zone.
9:08 of 3rd period - Backhand shot by Evan Bouchard.
9:08 of 3rd period - Shot Misses the Net.
9:22 of 3rd period - Snap shot by Alex Iafallo.
9:22 of 3rd period - Shot Blocked by Joseph Veleno.
9:34 of 3rd period - Adrian Kempe is hit by Erik Cernak and loses puck.
9:41 of 3rd period - Adrian Kempe is hit by Erik Cernak.
9:52 of 3rd period - Adam Henrique is hit by Boone Jenner and loses puck.
9:57 of 3rd period - Snap shot by Brock Boeser.
9:57 of 3rd period - Shot Misses the Net.
9:59 of 3rd period - Snap shot by Brock Boeser.
9:59 of 3rd period - Stopped by Ilya Samsonov with a rebound.
10:01 of 3rd period - Slapshot by Evan Bouchard.
10:01 of 3rd period - Stopped by Ilya Samsonov with a rebound.
10:17 of 3rd period - Rickard Rakell is hit by Brock Boeser and loses puck.
10:34 of 3rd period - Adrian Kempe is hit by Rickard Rakell and loses puck.
10:43 of 3rd period - Wrist shot by Brock Boeser.
10:43 of 3rd period - Stopped by Ilya Samsonov with a rebound.
10:45 of 3rd period - Wrist shot by Boone Jenner.
10:45 of 3rd period - Stopped by Ilya Samsonov with a rebound.
10:47 of 3rd period - Slapshot by Brandon Carlo.
10:47 of 3rd period - Shot Blocked by Sean Durzi.
10:49 of 3rd period - Wrist shot by Brandon Carlo.
10:49 of 3rd period - Stopped by Ilya Samsonov without a rebound.
10:50 of 3rd period - Corey Perry wins face-off versus Dylan Strome in San Jose Sharks zone.
10:53 of 3rd period - Wrist shot by Alex Iafallo.
10:53 of 3rd period - Stopped by Ilya Samsonov with a rebound.
10:55 of 3rd period - Slapshot by Brandon Carlo.
10:55 of 3rd period - Stopped by Ilya Samsonov with a rebound.
10:57 of 3rd period - Wrist shot by Alex Iafallo.
10:57 of 3rd period - Shot Misses the Net.
10:59 of 3rd period - Snap shot by Alex Iafallo.
10:59 of 3rd period - Stopped by Ilya Samsonov without a rebound.
11:00 of 3rd period - Dylan Strome wins face-off versus Corey Perry in San Jose Sharks zone.
11:30 of 3rd period - Snap shot by Dylan Strome.
11:30 of 3rd period - Deflect By Ivan Barbashev.
11:30 of 3rd period - Stopped by Juuse Saros without a rebound.
11:31 of 3rd period - Jeff Carter wins face-off versus Christian Dvorak in Edmonton Oilers zone.
11:56 of 3rd period - David Perron is hit by Sean Durzi and loses puck.
12:16 of 3rd period - David Perron is hit by Christopher Tanev and loses puck.
12:33 of 3rd period - Scott Mayfield is hit by Jonathan Drouin and loses puck.
12:48 of 3rd period - Wrist shot by Jake DeBrusk.
12:48 of 3rd period - Stopped by Ilya Samsonov with a rebound.
12:58 of 3rd period - Jake DeBrusk is hit by Brett Howden.
13:14 of 3rd period - Snap shot by David Perron.
13:14 of 3rd period - Shot Misses the Net.
13:16 of 3rd period - Slapshot by Scott Mayfield.
13:16 of 3rd period - Shot Blocked by Ilya Mikheyev.
13:50 of 3rd period - Wrist shot by David Perron.
13:50 of 3rd period - Stopped by Ilya Samsonov without a rebound.
13:51 of 3rd period - Dawson Mercer wins face-off versus Dylan Strome in San Jose Sharks zone.
13:56 of 3rd period - Snap shot by Alex Iafallo.
13:56 of 3rd period - Stopped by Ilya Samsonov with a rebound.
13:58 of 3rd period - Snap shot by Alex Iafallo.
13:58 of 3rd period - Stopped by Ilya Samsonov with a rebound.
14:00 of 3rd period - Slapshot by Dawson Mercer.
14:00 of 3rd period - Stopped by Ilya Samsonov with a rebound.
14:02 of 3rd period - Slapshot by Alex Iafallo.
14:02 of 3rd period - Shot Blocked by Joel Edmundson.
14:04 of 3rd period - Slapshot by Jacob Trouba.
14:04 of 3rd period - Stopped by Ilya Samsonov with a rebound.
14:06 of 3rd period - Wrist shot by Alex Iafallo.
14:06 of 3rd period - Shot Blocked by Joel Edmundson.
15:07 of 3rd period - Slapshot by Simon Nemec.
15:07 of 3rd period - Deflect By Joseph Veleno.
15:07 of 3rd period - Stopped by Juuse Saros with a rebound.
16:10 of 3rd period - Slapshot by Sean Durzi.
16:10 of 3rd period - Stopped by Juuse Saros with a rebound.
16:12 of 3rd period - Slapshot by Luke Kunin.
16:12 of 3rd period - Stopped by Juuse Saros with a rebound.
16:19 of 3rd period - Icing by Adrian Kempe.
16:20 of 3rd period - Dylan Strome wins face-off versus Dawson Mercer in Edmonton Oilers zone.
16:25 of 3rd period - Snap shot by Ivan Barbashev.
16:25 of 3rd period - Deflect By Dylan Strome.
16:25 of 3rd period - Stopped by Juuse Saros with a rebound.
17:07 of 3rd period - Wrist shot by Christopher Tanev.
17:07 of 3rd period - Deflect By Ivan Barbashev.
17:07 of 3rd period - Shot Blocked by Alex Iafallo.
17:07 of 3rd period - Puck is out of play.
17:08 of 3rd period - Dylan Strome wins face-off versus Dawson Mercer in Edmonton Oilers zone.
17:19 of 3rd period - Snap shot by Alex Iafallo.
17:19 of 3rd period - Stopped by Ilya Samsonov with a rebound.
17:35 of 3rd period - Simon Nemec is hit by Jacob Trouba and loses puck.
17:42 of 3rd period - Jacob Trouba is hit by Sean Durzi and loses puck.
18:01 of 3rd period - Snap shot by Rickard Rakell.
18:01 of 3rd period - Stopped by Juuse Saros with a rebound.
18:03 of 3rd period - Snap shot by Rickard Rakell.
18:03 of 3rd period - Stopped by Juuse Saros with a rebound.
19:00 of 3rd period - Slapshot by Mike Hoffman.
19:00 of 3rd period - Stopped by Juuse Saros with a rebound.
19:02 of 3rd period - Snap shot by Christian Dvorak.
19:02 of 3rd period - Stopped by Juuse Saros with a rebound.
19:04 of 3rd period - Wrist shot by Mike Hoffman.
19:04 of 3rd period - Shot Misses the Net.
19:06 of 3rd period - Slapshot by Joel Edmundson.
19:06 of 3rd period - Deflect By Mike Hoffman.
19:06 of 3rd period - Deflect By Evan Bouchard.
19:06 of 3rd period - Shot Misses the Net.
19:06 of 3rd period - Puck is out of play.
19:07 of 3rd period - Adam Henrique wins face-off versus Boone Jenner in Edmonton Oilers zone.
19:18 of 3rd period - Snap shot by Anthony Mantha.
19:18 of 3rd period - Shot Misses the Net.
Goals for this period are 0 for San Jose Sharks vs 1 for Edmonton Oilers.
Shots for this period are 12 for San Jose Sharks vs 20 for Edmonton Oilers.
Back to the Top